Map: Prion Terraces

Players

ShoWTimE - Winner!

  • Race: Protoss Protoss

SortOf

  • Race: Zerg Zerg
  • League: Grandmaster

Event: DreamHack ROCCAT LotV Championship

VOD

Have the link to the VOD?

Description

Time

  • Played on: Nov. 26, 2015, 9:47 a.m.
  • Length: 16:43

All games in this series

Show
View Real Time Build Order
Export as new Build Order

ShoWTimE Protoss - Winner!

Build Orders: Nexus First, Mass Adepts 

Get SALT Encoding   

  12  0:01  Probe (Chrono Boost)  
  13  0:11  Probe (Chrono Boost)  
  14  0:19  Pylon  
  14  0:22  Probe (Chrono Boost)  
  15  0:37  Probe (Chrono Boost)  
  16  0:48  Probe (Chrono Boost)  
  17  0:59  Nexus  
  17  1:10  Gateway  
  17  1:12  Probe (Chrono Boost)  
  18  1:19  Assimilator  
  18  1:23  Probe (Chrono Boost)  
  19  1:33  Probe (Chrono Boost)  
  19  1:38  Gateway  
  20  1:44  Probe (Chrono Boost)  
  21  1:50  Gateway  
  21  1:58  Cybernetics Core  
  21  2:02  Probe (Chrono Boost)  
  22  2:12  Probe x2 (Chrono Boost)  
  24  2:22  Probe (Chrono Boost)  
  25  2:23  Probe (Chrono Boost)  
  26  2:33  Probe x2 (Chrono Boost)  
  28  2:38  Adept x2 (Chrono Boost)  
  28  2:41  Adept (Chrono Boost)  
  28  2:42  Warp Gate  
  34  2:46  Pylon  
  34  2:47  Probe  
  34  2:49  Probe  
  36  3:01  Adept (Chrono Boost)  
  36  3:04  Adept (Chrono Boost)  
  42  3:06  Probe  
  42  3:07  Probe  
  42  3:08  Adept (Chrono Boost)  
  42  3:12  Pylon  
  44  3:16  Assimilator  
  44  3:18  Probe  
  44  3:19  Probe  
  46  3:30  Probe, Adept x2 (Chrono Boost)  
  46  3:31  Probe  
  52  3:37  Pylon  
  54  3:41  Adept (Chrono Boost)  
  54  3:53  Pylon  
  54  3:55  Probe x2  
  58  3:56  Adept x2 (Chrono Boost)  
  60  4:02  Pylon  
  62  4:10  Adept (Chrono Boost)  
  62  4:11  Probe  
  62  4:12  Mothership Core  
  65  4:17  Pylon  
  65  4:23  Probe  
  66  4:30  Forge  
  62  4:33  Probe  
  62  4:35  Probe  
  64  4:42  Assimilator  
  64  4:43  Robotics Facility  
  64  4:45  Probe  
  65  4:46  Adept x3  
  65  4:48  Probe  
  72  4:58  Nexus, Protoss Ground Weapons Level 1  
  72  5:00  Pylon  
  72  5:01  Probe  
  72  5:02  Probe  
  74  5:10  Adept  
  74  5:21  Adept  
  74  5:22  Adept  
  74  5:23  Probe  
  74  5:26  Probe  
  79  5:35  Nexus  
  79  5:36  Probe  
  79  5:37  Pylon  
  79  5:38  Probe  
  79  5:40  Pylon  
  79  5:48  Probe  
  79  5:49  Adept x3  
  86  5:53  Probe  
  86  5:54  Immortal (Chrono Boost)  
  83  6:02  Gateway, Photon Cannon  
  83  6:03  Gateway  
  77  6:08  Pylon  
  77  6:11  Pylon  
  77  6:13  Sentry x2  
  81  6:19  Probe x2  
  81  6:21  Assimilator  
  83  6:31  Probe  
  83  6:32  Twilight Council, Probe  
  85  6:39  Immortal (Chrono Boost)  
  89  6:41  Pylon  
  89  6:45  Probe  
  90  6:49  Probe  
  90  6:50  Stalker x2  
  90  6:54  Probe, Assimilator  
  95  6:56  Phoenix x2  
  95  6:57  Probe  
  95  6:58  Assimilator  
  95  7:01  Probe  
  98  7:04  Probe  
  99  7:09  Charge (Chrono Boost)  
  99  7:12  Probe  
  99  7:15  Gateway  
  100  7:17  Gateway  
  100  7:21  Protoss Ground Weapons Level 2  
  100  7:23  Stalker x2  
  100  7:24  Stalker x2  
  100  7:27  Photon Cannon  
  100  7:29  Pylon  
  108  7:32  Pylon  
  108  7:37  Warp Prism (Chrono Boost)  
  110  7:48  Stalker x3  
  116  7:56  Stalker x2  
  120  8:02  Templar Archives  
  120  8:05  Photon Cannon  
  120  8:12  Stalker  
  120  8:13  Stalker x3  
  120  8:18  Observer, Zealot  
  131  8:21  Pylon  
  131  8:27  Zealot x2  
  131  8:34  Gateway  
  135  8:36  Zealot  
  135  8:37  Zealot x3  
  143  8:43  Zealot  
  141  8:58  Stalker x3  
  137  9:07  Zealot  
  137  9:08  Zealot  
  135  9:12  Warp Prism  
  133  9:21  Nexus  
  131  9:39  Zealot x5  
  134  9:54  Probe x2  
  134  10:02  High Templar x2  
  134  10:03  High Templar x2  
  134  10:06  Probe  
  142  10:08  Archon x2  
  142  10:20  Nexus  
  142  10:21  Pylon  
  142  10:24  Pylon  
  142  10:26  Pylon  
  142  10:29  Pylon  
  142  10:31  Probe  
  142  10:34  High Templar x2  
  145  10:36  High Templar x2  
  145  10:38  High Templar  
  145  10:39  High Templar, Archon  
  145  10:41  Archon  
  153  10:43  Archon  
  153  10:50  Zealot x2  
  151  11:07  Robotics Bay  
  151  11:11  Zealot  
  151  11:12  Zealot x3, Robotics Facility  
  157  11:18  Probe  
  157  11:19  Probe, Zealot  
  157  11:22  Zealot  
  163  11:27  Zealot x2  
  167  11:33  Probe x2  
  169  11:45  Probe  
  170  11:48  Zealot x4  
  170  11:52  Blink (Chrono Boost)  
  178  11:55  Disruptor (Chrono Boost)  
  181  12:05  Disruptor (Chrono Boost)  
  174  12:12  Zealot x2  
  178  12:18  Zealot  
  178  12:24  Zealot  
  178  12:25  Zealot x2  
  178  12:27  Zealot  
  178  12:28  Disruptor (Chrono Boost)  
  179  12:54  Nexus  
  179  12:56  Observer (Chrono Boost)  
  172  13:00  High Templar x4  
  172  13:04  Pylon, Archon x2  
  180  13:16  Photon Cannon  
  180  13:17  Pylon  
  174  13:31  Zealot x3  
  174  13:32  Zealot  
  180  13:36  Protoss Ground Weapons Level 3  
  180  13:37  Disruptor (Chrono Boost)  
  180  13:39  Observer (Chrono Boost)  
  164  13:57  Warp Prism (Chrono Boost)  
  137  14:09  Immortal (Chrono Boost)  
  119  14:15  Zealot x2  
  119  14:16  Zealot x3  
  121  14:29  Immortal (Chrono Boost)  
  121  14:31  High Templar x3  
  124  14:36  Zealot x2  
  124  14:37  Archon  
  132  14:42  High Templar  
  132  14:43  Immortal (Chrono Boost)  
  138  14:46  Zealot x2  
  138  14:49  Archon  
  142  14:57  Zealot x2  
  142  15:08  Immortal (Chrono Boost)  
  142  15:11  High Templar x2  
  142  15:12  High Templar  
  142  15:13  High Templar  
  154  15:15  Archon  
  154  15:16  Archon  
  158  15:30  Nexus  
  156  15:44  Stalker  
  156  15:45  Stalker x7  
  158  15:51  Assimilator  
  158  15:53  Assimilator  
  158  16:08  Stalker x3  
  164  16:14  Stalker x3  
  170  16:19  Zealot  
  170  16:22  Zealot  
  172  16:32  Zealot x2  
  176  16:35  Zealot  
  178  16:40  Zealot x2  
Show
View Real Time Build Order
Export as new Build Order

SortOf Zerg 

Build Orders: Hatch First, Lurkers 

Get SALT Encoding   

  12  0:00  Drone  
  13  0:13  Overlord  
  13  0:17  Drone  
  14  0:31  Drone x2  
  14  0:35  Drone  
  17  0:46  Drone  
  18  0:55  Hatchery  
  17  0:58  Drone  
  18  1:21  Drone x2  
  18  1:24  Spawning Pool  
  19  1:29  Drone  
  20  1:42  Hatchery  
  20  1:46  Drone  
  20  1:48  Extractor  
  19  1:54  Overlord  
  19  2:05  Drone  
  20  2:08  Drone  
  20  2:14  Zergling x2  
  20  2:15  Queen  
  22  2:18  Drone  
  25  2:24  Drone  
  25  2:28  Queen  
  28  2:31  Zergling x2  
  29  2:38  Drone  
  30  2:45  Zergling x4  
  30  2:49  Metabolic Boost  
  32  2:55  Drone x2  
  34  3:03  Queen  
  36  3:06  Overlord  
  36  3:14  Queen  
  36  3:17  Overlord  
  36  3:18  Zergling x4  
  40  3:21  Drone  
  40  3:24  Drone  
  42  3:33  Drone  
  43  3:35  Drone x3, Roach Warren  
  43  3:39  Zergling x4  
  47  3:41  Zergling x2  
  48  3:50  Overlord  
  48  3:53  Zergling x8  
  52  4:01  Drone x2  
  52  4:02  Evolution Chamber, Drone  
  54  4:05  Drone x2  
  56  4:10  Zergling x2  
  56  4:17  Zergling x2  
  56  4:18  Zergling x6  
  58  4:25  Zergling x8  
  52  4:32  Zergling x10  
  52  4:33  Zergling x2  
  52  4:35  Zerg Melee Weapons Level 1  
  58  4:39  Drone  
  58  4:43  Roach x2  
  63  4:50  Drone  
  63  4:52  Drone  
  65  4:55  Lair  
  65  4:59  Overlord, Zergling x2  
  65  5:02  Extractor  
  65  5:05  Overlord, Zergling x2  
  65  5:08  Overlord  
  62  5:15  Roach, Zergling x6  
  62  5:22  Roach  
  62  5:28  Roach  
  63  5:29  Zergling x10  
  63  5:33  Roach, Zergling x2  
  68  5:39  Drone, Zergling x8  
  68  5:40  Roach  
  68  5:47  Roach  
  68  5:51  Drone  
  68  5:52  Drone x4  
  69  5:58  Hatchery  
  69  6:00  Drone x2  
  69  6:01  Drone  
  69  6:04  Hatchery, Drone  
  69  6:05  Drone x4  
  69  6:07  Extractor  
  69  6:10  Drone x2  
  74  6:18  Drone  
  74  6:19  Drone  
  74  6:21  Overlord  
  75  6:28  Extractor  
  75  6:30  Zerg Melee Weapons Level 2  
  74  6:33  Drone x5  
  74  6:34  Drone  
  74  6:36  Overlord, Extractor  
  79  6:41  Drone x4  
  79  6:43  Overlord  
  84  6:47  Zergling x6  
  84  6:54  Extractor  
  85  6:58  Zergling x2  
  85  6:59  Zergling x2  
  85  7:00  Spire  
  86  7:06  Zergling x10  
  91  7:09  Drone x4  
  91  7:10  Drone x2  
  97  7:21  Overlord  
  97  7:22  Overseer  
  97  7:25  Extractor  
  97  7:26  Overseer, Extractor  
  97  7:29  Zergling x14  
  102  7:33  Drone x3  
  105  7:38  Drone x3  
  105  7:39  Drone  
  105  7:40  Drone x4  
  105  7:41  Drone  
  105  7:42  Overlord  
  114  7:47  Zergling x2  
  114  7:48  Hydralisk Den, Zergling x6  
  114  7:50  Overlord  
  116  7:51  Evolution Chamber  
  115  7:59  Overlord x2  
  115  8:01  Drone x3  
  116  8:19  Mutalisk  
  116  8:20  Mutalisk x8  
  116  8:21  Lurker Den  
  116  8:26  Ravager  
  135  8:29  Zergling x14  
  135  8:32  Ravager x4  
  146  8:35  Zergling x2  
  146  8:36  Zergling x6  
  147  8:44  Zergling x8  
  147  8:48  Zergling x2  
  139  8:58  Zergling x12  
  134  9:06  Ravager  
  134  9:07  Ravager x2  
  134  9:08  Zergling x12  
  123  9:17  Zergling x18  
  123  9:18  Zergling x2  
  123  9:20  Hydralisk  
  123  9:23  Overlord  
  128  9:43  Hydralisk  
  130  9:46  Hatchery x2  
  130  9:48  Hatchery  
  125  9:54  Lurker  
  113  10:01  Hydralisk x3  
  113  10:06  Hydralisk x2  
  122  10:11  Zerg Flyer Weapons Level 1, Infestation Pit  
  121  10:17  Lurker  
  122  10:24  Hydralisk x3  
  128  10:36  Lurker x2  
  128  10:38  Overlord x3  
  130  10:51  Overlord x2  
  120  11:06  Zergling x28  
  120  11:07  Zergling x8  
  135  11:12  Lurker x3  
  135  11:15  Drone x2  
  135  11:20  Hive  
  135  11:24  Lurker x2  
  133  11:35  Zergling x8  
  133  11:36  Zergling x4  
  134  11:47  Drone  
  134  11:53  Drone x4  
  134  11:54  Drone  
  134  12:03  Hatchery  
  128  12:11  Zergling x20  
  132  12:22  Zergling x2  
  111  12:42  Hatchery  
  92  12:49  Mutalisk x3  
  92  13:01  Corruptor x2, Greater Spire  
  92  13:03  Drone x2  
  98  13:11  Drone  
  98  13:24  Drone x3  
  98  13:38  Drone x4  
  101  13:46  Corruptor  
  102  13:49  Zergling x2  
  102  13:54  Zergling x8  
  93  14:01  Hydralisk  
  68  14:05  Zergling x6  
  64  14:16  Corruptor  
  65  14:30  Overlord  
  63  14:32  Drone x2  
  63  14:36  Brood Lord  
  67  14:59  Spore Crawler  
  64  15:00  Corruptor  
  64  15:01  Corruptor  
  64  15:02  Brood Lord  
  67  15:09  Overlord  
  67  15:10  Corruptor  
  69  15:25  Lurker  
  69  15:27  Overseer  
  69  15:28  Corruptor  
  66  15:43  Zergling x18  
  66  15:45  Extractor  
  71  15:54  Drone x2  
  71  15:55  Drone  
  74  16:04  Hatchery  
  73  16:10  Brood Lord  
  75  16:16  Zergling x2  
  75  16:17  Zergling x8  
  75  16:19  Drone  
  75  16:28  Drone  
  75  16:29  Drone  

Tags
 
Add a new tag
Caveats
  • Supply blocks, unpowered buildings, or Contaminate may cause inaccurate times.
  • Supply counts are checked every 10 seconds.